 Dungeon Crawl Stone Soup version 0.22.1-2-g9c5b331 (webtiles) character file.

80 whitewolfNL the Cudgeler (level 4, 0/41 HPs)
             Began as a Minotaur Berserker on Dec 18, 2018.
             Was a Believer of Trog.
             Slain by a worker ant (2 damage)
             ... on level 4 of the Dungeon.
             The game lasted 00:05:14 (1715 turns).

whitewolfNL the Cudgeler (Minotaur Berserker)       Turns: 1715, Time: 00:05:15

Health: 0/41       AC:  3    Str: 21    XL:     4   Next: 18%
Magic:  3/3        EV: 12    Int:  5    God:    Trog [**....]
Gold:   76         SH:  0    Dex: 10    Spells: 3/3 levels left

rFire    . . .     SeeInvis .   a - +0 mace
rCold    . . .     Gourm    .   (no shield)
rNeg     . . .     Faith    .   p - +0 leather armour
rPois    +         Spirit   .   (helmet restricted)
rElec    .         Reflect  .   (no cloak)
rCorr    .         Harm     .   (no gloves)
MR       .....                  (no boots)
Stlth    +.........             (no amulet)
HPRegen  0.13/turn              i - ring of poison resistance
MPRegen  0.08/turn              (no ring)

@: berserk cooldown, slowed, very slow
A: retaliatory headbutt, horns 2
a: Berserk, Trog's Hand, Renounce Religion


You were on level 4 of the Dungeon.
You worshipped Trog.
Trog was pleased with you.
You were not hungry.

You visited 1 branch of the dungeon, and saw 3 of its levels.

You collected 76 gold pieces.

Inventory:

Hand Weapons
 a - a +0 mace (weapon)
Missiles
 j - 48 arrows
 o - 13 bolts
Armour
 p - a +0 leather armour (worn)
Jewellery
 i - a ring of poison resistance (left hand)
Scrolls
 d - 3 scrolls of remove curse {unknown}
 f - 3 scrolls of identify {unknown}
 k - a scroll of teleportation {unknown}
 m - 2 scrolls of enchant armour {unknown}
Potions
 e - a potion of agility {unknown}
 g - a potion of berserk rage {unknown}
 h - a potion of curing {unknown}
 l - 3 potions of haste {unknown}
 n - a potion of heal wounds {unknown}
 q - a potion of flight {unknown}
Comestibles
 b - a chunk of flesh
 c - 4 rations


   Skills:
 * Level 4.3 Fighting
 * Level 4.9 Maces & Flails
 * Level 2.9 Armour
 * Level 2.8 Dodging


You had 3 spell levels left.
You didn't know any spells.
Your spell library was empty.

Dungeon Overview and Level Annotations

Branches:
Dungeon (2/15)

Altars:


Innate Abilities, Weirdness & Mutations

You reflexively headbutt those who attack you in melee.
You have a pair of horns on your head.


Message History

You headbutt the worker ant. You hit the worker ant.
The worker ant is almost dead.
Something hits you. The worker ant bites you.
You hear some strange, mumbled words.
A puff of flame appears from out of thin air!
The puff of flame hits you!
* * * LOW HITPOINT WARNING * * *
The worker ant bites you.
* * * LOW HITPOINT WARNING * * *
You closely miss the worker ant.
The worker ant is almost dead.
The worker ant barely misses you. Something hits you.
* * * LOW HITPOINT WARNING * * *
The worker ant bites you.
* * * LOW HITPOINT WARNING * * *
Something hits you.
* * * LOW HITPOINT WARNING * * *
The worker ant bites you.
You die...

≈≈≈≈≈≈.≈≈.≈≈≈≈≈
≈≈≈≈≈≈.≈≈.≈≈≈≈≈
≈≈≈≈≈≈#.$#≈≈≈≈≈
≈≈≈≈≈≈≈..≈≈≈≈≈≈
≈≈≈≈≈≈≈..≈≈≈≈≈≈
≈≈≈≈≈≈≈..≈≈≈≈≈≈
#≈≈≈≈≈≈.!≈≈≈≈≈≈
#≈≈≈≈≈a.≈≈≈≈≈#
##≈≈≈≈@.≈≈≈≈##
##≈≈≈..≈≈≈##
#######''####
.........#
###.###.## #.#
#)# # #.# #.
##.#


You could see a worker ant.

Vanquished Creatures
  A bullfrog skeleton (D:4)
  An adder (D:4)
  A dart slug (D:1)
  An orc (D:4)
  2 ball pythons (D:1)
  A giant cockroach (D:1)
  7 hobgoblins (D:1)
  7 jackals (D:1)
  2 kobolds (D:1)
  9 bats
  A frilled lizard (D:2)
  3 goblins (D:1)
  2 rats (D:1)
38 creatures vanquished.

Notes
Turn   | Place    | Note
-------+----------+-------------------------------------------
     0 | D:1      | whitewolfNL the Minotaur Berserker began the quest for the
                  | Orb.
     0 | D:1      | Reached XP level 1. HP: 19/19 MP: 0/0
   150 | D:1      | Reached XP level 2. HP: 22/27 MP: 1/1
   647 | D:1      | Reached ** piety under Trog
   647 | D:1      | Reached XP level 3. HP: 33/33 MP: 2/2
  1641 | D:2      | You fall through a shaft for 2 floors!
  1708 | D:4      | Reached XP level 4. HP: 41/41 MP: 3/3
  1714 | D:4      | HP: 2/41 [something (2)]
  1715 | D:4      | Slain by a worker ant

Skill      XL: |  1  2 |
---------------+-------+-----
Maces & Flails | 4 |  4.9
Fighting       | 4 |  4.3
Armour         | |  2.9
Dodging        | |  2.8

Action                   |  1- 3 |  4- 6 || total
-------------------------+-------+-------++-------
Melee: Mace              |    75 |     4 ||    79
       Headbutt          |    11 |       ||    11
Invok: Berserk           |     2 |       ||     2
  Eat: Ration            |     1 |       ||     1
       Chunk             |     1 |       ||     1
Armor: Animal skin       |    11 |       ||    11
       Leather armour    |     7 |       ||     7
Dodge: Dodged            |    85 |     5 ||    90
